PAAA
JERSEY CITY TRITONS @ MONONGAHELA MONSTERS
09/18/2045
 
TOP OF THE 1ST
Jersey City Tritons batting - Pitching for Monongahela Monsters : LHP Craig Culver
Pitching: LHP Craig Culver
Batting: RHB Jon Huband 0-0: Bunt missed!
0-1: Ball
1-1: Swinging Strike
1-2: SINGLE (Line Drive, 56D, EV 96.2 MPH)
Batting: LHB Ryutaro Watanabe 0-0: Called Strike
Jon Huband steals 2nd base (no throw)
0-1: Foul Ball, location: 2F
0-2: Ground out 1-3 (Groundball, 34S, EV 68.8 MPH)
Jon Huband to third
Batting: RHB Nate Edwards 0-0: Ball
1-0: Ball
2-0: Ball
3-0: Called Strike
3-1: Swinging Strike
3-2: Strikes out swinging
Batting: RHB Manuel Peña 0-0: Ball
1-0: Ball
2-0: Swinging Strike
2-1: Foul Ball, location: 2F
2-2: Ball
3-2: Foul Ball, location: 2F
3-2: Fly out, F8 (Flyball, 8RM, EV 86.9 MPH)
Top of the 1st over - 0 runs, 1 hit, 0 errors, 1 left on base; Jersey City 0 - Monongahela 0
BOTTOM OF THE 1ST
Monongahela Monsters batting - Pitching for Jersey City Tritons : RHP Jeff McFarland
Pitching: RHP Jeff McFarland
Batting: LHB Stan James 0-0: Ball
1-0: Swinging Strike
1-1: Bunt for hit to 5S - play at first, batter OUT! 5-3
Batting: SHB Cristo López 0-0: Ball
1-0: Ground out 3-1 (Groundball, 34, EV 99.4 MPH)
Batting: RHB Franck Morel 0-0: Ball
1-0: Called Strike
1-1: Swinging Strike
1-2: Strikes out looking
Bottom of the 1st over - 0 runs, 0 hits, 0 errors, 0 left on base; Jersey City 0 - Monongahela 0
TOP OF THE 2ND
Jersey City Tritons batting - Pitching for Monongahela Monsters : LHP Craig Culver
Batting: RHB Luis Gamboa 0-0: Called Strike
0-1: Ball
1-1: Foul Ball, location: 2F
1-2: Ball
2-2: Ball
3-2: Foul Ball, location: 2F
3-2: Ground out 5-3 (Groundball, 56S, EV 83.1 MPH)
Batting: LHB Benjamin Renninger 0-0: Swinging Strike
0-1: Foul Ball, location: 2F
0-2: Strikes out swinging
Batting: LHB Jim Henson 0-0: Called Strike
0-1: Ball
1-1: Called Strike
1-2: Ball
2-2: Foul Ball, location: 2F
2-2: Strikes out looking
Top of the 2nd over - 0 runs, 0 hits, 0 errors, 0 left on base; Jersey City 0 - Monongahela 0
BOTTOM OF THE 2ND
Monongahela Monsters batting - Pitching for Jersey City Tritons : RHP Jeff McFarland
Batting: LHB Martín Flores 0-0: Fly out, F9 (Flyball, 89S, EV 78.1 MPH)
Batting: RHB Luis Pamparacuatro 0-0: Ball
1-0: Fly out, F8 (Flyball, 8RS, EV 91.2 MPH)
Batting: RHB Colt Allen 0-0: Ball
1-0: SINGLE (Line Drive, 89S, EV 88.8 MPH)
Batting: LHB Rashid Jeltkov 0-0: Ball
1-0: Ball
2-0: Called Strike
Colt Allen steals 2nd base
2-1: SINGLE (Groundball, 13S, EV 69.4 MPH) (infield hit)
Colt Allen to third
Batting: RHB Stu Roberts 0-0: Ball
1-0: SINGLE (Groundball, 6D, EV 95.0 MPH)
Colt Allen scores
Rashid Jeltkov to second
Batting: LHB Abraham Ruenuitz 0-0: Foul Ball, location: 2F
0-1: Ball
1-1: Foul Ball, location: 2F
1-2: Ball
2-2: Foul Ball, location: 2F
2-2: Fly out, F8 (Line Drive, 8RD, EV 95.0 MPH)
Bottom of the 2nd over - 1 run, 3 hits, 0 errors, 2 left on base; Jersey City 0 - Monongahela 1
TOP OF THE 3RD
Jersey City Tritons batting - Pitching for Monongahela Monsters : LHP Craig Culver
Batting: RHB Alfredo Valdéz 0-0: Ground out 1-3 (Groundball, 15S, EV 64.4 MPH)
Batting: LHB Tony Goodwin 0-0: Swinging Strike
0-1: Swinging Strike
0-2: Ball
1-2: Strikes out swinging
Batting: RHB Jon Huband 0-0: Ball
1-0: SINGLE (Groundball, 6MD, EV 101.9 MPH)
Batting: LHB Ryutaro Watanabe 0-0: Ball
Jon Huband is caught stealing 2nd base 2-6
Top of the 3rd over - 0 runs, 1 hit, 0 errors, 0 left on base; Jersey City 0 - Monongahela 1
BOTTOM OF THE 3RD
Monongahela Monsters batting - Pitching for Jersey City Tritons : RHP Jeff McFarland
Batting: LHB Stan James 0-0: Ball
1-0: Foul Ball, location: 2F
1-1: Ball
2-1: Called Strike
2-2: Ball
3-2: Base on Balls
Batting: SHB Cristo López 0-0: Fly out, F8 (Line Drive, 8LD, EV 90.6 MPH)
Batting: RHB Franck Morel 0-0: Called Strike
Stan James steals 2nd base
0-1: Foul Ball, location: 2F
0-2: Ball
1-2: Ground out U3 (Groundball, 3, EV 82.5 MPH)
Stan James to third
Batting: LHB Martín Flores 0-0: Ball
1-0: Called Strike
1-1: Called Strike
1-2: Fly out, F9 (Flyball, 89S, EV 76.2 MPH)
Bottom of the 3rd over - 0 runs, 0 hits, 0 errors, 1 left on base; Jersey City 0 - Monongahela 1
TOP OF THE 4TH
Jersey City Tritons batting - Pitching for Monongahela Monsters : LHP Craig Culver
Batting: LHB Ryutaro Watanabe 0-0: Ball
1-0: Foul Ball, location: 2F
1-1: Fly out, F7 (Flyball, 78M, EV 96.9 MPH)
Batting: RHB Nate Edwards 0-0: SINGLE (Line Drive, 34D, EV 95.6 MPH)
Batting: RHB Manuel Peña 0-0: Ball
1-0: Called Strike
Nate Edwards steals 2nd base
1-1: Ball
2-1: Ball
3-1: Called Strike
3-2: Base on Balls
Batting: RHB Luis Gamboa 0-0: Called Strike
Nate Edwards steals 3rd, throwing error, E2
Nate Edwards scores
Manuel Peña to third
0-1: Called Strike
0-2: Strikes out swinging
Batting: LHB Benjamin Renninger 0-0: Called Strike
0-1: Ball
1-1: Ball
2-1: Ball
3-1: Foul Ball, location: 2F
3-2: Strikes out swinging
Top of the 4th over - 1 run, 1 hit, 1 error, 1 left on base; Jersey City 1 - Monongahela 1
BOTTOM OF THE 4TH
Monongahela Monsters batting - Pitching for Jersey City Tritons : RHP Jeff McFarland
Batting: RHB Luis Pamparacuatro 0-0: SINGLE (Line Drive, 4MD, EV 96.9 MPH)
Batting: RHB Colt Allen 0-0: Ball
Luis Pamparacuatro steals 2nd base
1-0: Swinging Strike
1-1: Reached on error, E6 (Groundball, 6, EV 93.8 MPH)
Luis Pamparacuatro scores
Batting: LHB Rashid Jeltkov 0-0: Swinging Strike
0-1: Ball
1-1: SINGLE (Groundball, 3D, EV 103.8 MPH)
Colt Allen to third
Batting: RHB Stu Roberts 0-0: Called Strike
0-1: Ball
1-1: Foul Ball, location: 2F
1-2: DOUBLE (Flyball, 9LD, EV 99.4 MPH)
Colt Allen scores
Rashid Jeltkov to third
Batting: LHB Abraham Ruenuitz 0-0: Ball
1-0: Ball
2-0: Ground out 4-3 (Groundball, 4, EV 101.2 MPH)
Rashid Jeltkov scores
Stu Roberts to third
Batting: LHB Stan James 0-0: Ball
1-0: Called Strike
1-1: Ball
2-1: Ground out 6-3 (Groundball, 6, EV 81.2 MPH)
Stu Roberts scores
Batting: SHB Cristo López 0-0: Ground out 4-3 (Groundball, 4D, EV 91.2 MPH)
Bottom of the 4th over - 4 runs, 3 hits, 1 error, 0 left on base; Jersey City 1 - Monongahela 5
TOP OF THE 5TH
Jersey City Tritons batting - Pitching for Monongahela Monsters : LHP Craig Culver
Batting: LHB Jim Henson 0-0: Ball
1-0: Ball
2-0: Fly out, F8 (Line Drive, 8RM, EV 96.2 MPH)
Batting: RHB Alfredo Valdéz 0-0: Swinging Strike
0-1: Foul Ball, location: 2F
0-2: Ball
1-2: Ball
2-2: Ball
3-2: Fly out, F7 (Flyball, 78M, EV 90.6 MPH)
Batting: LHB Tony Goodwin 0-0: Ball
1-0: Ball
2-0: Foul Ball, location: 2F
2-1: Foul Ball, location: 2F
2-2: Strikes out swinging
Top of the 5th over - 0 runs, 0 hits, 0 errors, 0 left on base; Jersey City 1 - Monongahela 5
BOTTOM OF THE 5TH
Monongahela Monsters batting - Pitching for Jersey City Tritons : RHP Jeff McFarland
Batting: RHB Franck Morel 0-0: Called Strike
0-1: Ball
1-1: Ball
2-1: Called Strike
2-2: SOLO HOME RUN (Flyball, 78XD, EV 115.6 MPH), Distance : 461 ft
Batting: LHB Martín Flores 0-0: Ball
1-0: Ball
2-0: Foul Ball, location: 2F
2-1: Ball
3-1: Base on Balls
Pitching: RHP Brian Gardner
Batting: RHB Luis Pamparacuatro 0-0: Called Strike
0-1: Ball
1-1: Called Strike
1-2: Ball
2-2: Foul Ball, location: 2F
2-2: Fly out, F3 (Line Drive, 3, EV 69.4 MPH)
Batting: RHB Colt Allen 0-0: Called Strike
0-1: Fly out, F6 (Popup, 6M, EV 73.1 MPH)
Batting: LHB Rashid Jeltkov 0-0: Called Strike
0-1: Called Strike
0-2: Ball
1-2: Strikes out looking
Bottom of the 5th over - 1 run, 1 hit, 0 errors, 1 left on base; Jersey City 1 - Monongahela 6
TOP OF THE 6TH
Jersey City Tritons batting - Pitching for Monongahela Monsters : LHP Craig Culver
Batting: RHB Jon Huband 0-0: Ball
1-0: Called Strike
1-1: Foul Ball, location: 2F
1-2: Foul Ball, location: 2F
1-2: Foul Ball, location: 2F
1-2: Fly out, F9 (Flyball, 89M, EV 86.2 MPH)
Batting: LHB Ryutaro Watanabe 0-0: Ball
1-0: Fly out, F8 (Flyball, 78M, EV 88.8 MPH)
Batting: RHB Nate Edwards 0-0: Ball
1-0: Called Strike
1-1: Ball
2-1: Foul Ball, location: 2F
2-2: SINGLE (Line Drive, 6D, EV 95.0 MPH)
Pitching: LHP Mutu Kirra
Batting: RHB Manuel Peña 0-0: Swinging Strike
0-1: Ball
1-1: Foul Ball, location: 2F
1-2: Ball
2-2: Fly out, F9 (Flyball, 89M, EV 89.4 MPH)
Top of the 6th over - 0 runs, 1 hit, 0 errors, 1 left on base; Jersey City 1 - Monongahela 6
BOTTOM OF THE 6TH
Monongahela Monsters batting - Pitching for Jersey City Tritons : RHP Brian Gardner
Batting: RHB Stu Roberts 0-0: Called Strike
0-1: Ground out 5-3 (Groundball, 5, EV 93.8 MPH)
Batting: LHB Abraham Ruenuitz 0-0: Called Strike
0-1: Ball
1-1: Ball
2-1: Ground out U3 (Groundball, 34, EV 84.4 MPH)
Batting: LHB Stan James 0-0: Fly out, F8 (Flyball, 78M, EV 88.1 MPH)
Bottom of the 6th over - 0 runs, 0 hits, 0 errors, 0 left on base; Jersey City 1 - Monongahela 6
TOP OF THE 7TH
Jersey City Tritons batting - Pitching for Monongahela Monsters : LHP Mutu Kirra
Batting: RHB Luis Gamboa 0-0: Ball
1-0: SINGLE (Groundball, 6MD, EV 106.2 MPH)
Batting: LHB Benjamin Renninger 0-0: Foul Ball, location: 2F
0-1: 2-RUN HOME RUN (Flyball, 9D, EV 93.8 MPH), Distance : 375 ft
Batting: LHB Jim Henson 0-0: Foul Ball, location: 2F
0-1: Ball
1-1: Ball
2-1: Called Strike
2-2: Strikes out swinging
Batting: RHB Alfredo Valdéz 0-0: Called Strike
0-1: Ball
1-1: Foul Ball, location: 2F
1-2: Foul Ball, location: 2F
1-2: Ball
2-2: Foul Ball, location: 2F
2-2: SINGLE (Line Drive, 34, EV 95.6 MPH)
Batting: LHB Tony Goodwin 0-0: Swinging Strike
0-1: Fly out, F6 (Flyball, 56D, EV 86.9 MPH)
Batting: RHB Jon Huband 0-0: Ball
1-0: Ball
2-0: Ball
3-0: Base on Balls
Alfredo Valdéz to second
Batting: LHB Ryutaro Watanabe 0-0: Swinging Strike
0-1: Ground out 4-3 (Groundball, 34, EV 82.5 MPH)
Top of the 7th over - 2 runs, 3 hits, 0 errors, 2 left on base; Jersey City 3 - Monongahela 6
BOTTOM OF THE 7TH
Monongahela Monsters batting - Pitching for Jersey City Tritons : RHP Brian Gardner
Batting: SHB Cristo López 0-0: Ball
1-0: Called Strike
1-1: Ball
2-1: Foul Ball, location: 2F
2-2: Ball
3-2: SINGLE (Line Drive, 9LS, EV 99.4 MPH)
Batting: RHB Franck Morel 0-0: Ball
1-0: Called Strike
Cristo López steals 2nd, throwing error, E2
Cristo López to third
1-1: Swinging Strike
1-2: Foul Ball, location: 2F
1-2: Ball
2-2: Ball
3-2: Strikes out swinging
Batting: LHB Martín Flores 0-0: Foul Ball, location: 2F
0-1: Ball
1-1: Ball
2-1: Foul Ball, location: 2F
2-2: Ball
3-2: Ground out U3 (Groundball, 3S, EV 81.2 MPH)
Batting: RHB Luis Pamparacuatro 0-0: Called Strike
0-1: Foul Ball, location: 2F
0-2: Ball
1-2: Foul Ball, location: 2F
1-2: Ball
2-2: Ball
3-2: Ground out 6-3 (Groundball, 6, EV 98.1 MPH)
Bottom of the 7th over - 0 runs, 1 hit, 1 error, 1 left on base; Jersey City 3 - Monongahela 6
TOP OF THE 8TH
Jersey City Tritons batting - Pitching for Monongahela Monsters : LHP Mutu Kirra
Batting: RHB Nate Edwards 0-0: Called Strike
0-1: Fly out, F9 (Flyball, 9, EV 91.9 MPH)
Batting: RHB Manuel Peña 0-0: Called Strike
0-1: Ball
1-1: Foul Ball, location: 2F
1-2: Ball
2-2: Ball
3-2: Foul Ball, location: 2F
3-2: Foul Ball, location: 2F
3-2: Base on Balls
Batting: RHB Luis Gamboa 0-0: Ball
1-0: Called Strike
1-1: DOUBLE (Flyball, 89XD, EV 101.2 MPH)
Manuel Peña to third
Batting: LHB Benjamin Renninger 0-0: Ball
1-0: Swinging Strike
1-1: Foul Ball, location: 2F
1-2: Strikes out swinging
Batting: RHB Víctor Bojórquez 0-0: Foul Ball, location: 2F
0-1: Ball
1-1: Swinging Strike
1-2: Fly out, F8 (Line Drive, 8LM, EV 90.6 MPH)
Top of the 8th over - 0 runs, 1 hit, 0 errors, 2 left on base; Jersey City 3 - Monongahela 6
BOTTOM OF THE 8TH
Monongahela Monsters batting - Pitching for Jersey City Tritons : RHP Brian Gardner
Batting: RHB Colt Allen 0-0: Foul Ball, location: 2F
0-1: Ball
1-1: Foul Ball, location: 2F
1-2: Fly out, F8 (Flyball, 89M, EV 81.9 MPH)
Batting: LHB Rashid Jeltkov 0-0: Called Strike
0-1: Ball
1-1: Ball
2-1: Ball
3-1: Base on Balls
Pitching: RHP Drees de Lijser
Batting: RHB Stu Roberts 0-0: 2-RUN HOME RUN (Flyball, 9D, EV 95.6 MPH), Distance : 374 ft
Batting: LHB Abraham Ruenuitz 0-0: Ball
1-0: Called Strike
1-1: Ball
2-1: Ball
3-1: DOUBLE (Flyball, 8RD, EV 98.1 MPH)
Batting: LHB Stan James 0-0: Ball
1-0: Ball
2-0: Called Strike
2-1: Foul Ball, location: 2F
2-2: Foul Ball, location: 2F
2-2: Ball
3-2: Base on Balls
Batting: SHB Cristo López 0-0: Called Strike
0-1: Swinging Strike
0-2: Ball
1-2: Fielders Choice at 2nd, 6-4 (Groundball, 6, EV 80.6 MPH)
Abraham Ruenuitz to third
Batting: RHB Franck Morel 0-0: Ball
1-0: Ground out U3 (Groundball, 34, EV 76.2 MPH)
Bottom of the 8th over - 2 runs, 2 hits, 0 errors, 2 left on base; Jersey City 3 - Monongahela 8
TOP OF THE 9TH
Jersey City Tritons batting - Pitching for Monongahela Monsters : LHP Mutu Kirra
Batting: RHB Alfredo Valdéz 0-0: Ball
1-0: Ball
2-0: Ball
3-0: Base on Balls
Batting: LHB Tony Goodwin 0-0: Ball
1-0: Foul Ball, location: 2F
1-1: Foul Ball, location: 2F
1-2: Ball
2-2: Ball
3-2: Fielders Choice at 2nd, 6-4 (Groundball, 6, EV 102.5 MPH)
Batting: RHB Jon Huband 0-0: Swinging Strike
0-1: Ball
1-1: Ball
2-1: Swinging Strike
2-2: Ball
3-2: Foul Ball, location: 2F
3-2: SINGLE (Line Drive, 4D, EV 96.2 MPH)
Tony Goodwin to second
Pitching: RHP Jeremy Harness
Batting: LHB Ryutaro Watanabe 0-0: Ball
1-0: Foul Ball, location: 2F
1-1: Foul Ball, location: 2F
1-2: Strikes out swinging
Pinch Hitting: LHB Cisco Gracía 0-0: Ball
1-0: Ball
2-0: SINGLE (Flyball, 89S, EV 94.4 MPH)
Tony Goodwin to third
Jon Huband to second
Batting: RHB Manuel Peña 0-0: Foul Ball, location: 2F
0-1: Swinging Strike
0-2: Strikes out looking
Top of the 9th over - 0 runs, 2 hits, 0 errors, 3 left on base; Jersey City 3 - Monongahela 8
Wednesday, July 27th , 2022 - OOTP Baseball 22.12 Build 89